Map: Nightshade LE

Players

luckynoslevn - Winner!

  • Race: Terran Terran
  • League: Gold
  • Spawn Location: 5:00

A.I. 2 (Very Easy)

  • Race: Terran Terran
  • Spawn Location: 11:00

VOD

Have the link to the VOD?

Description

Time

  • Played on: Jan. 19, 2020, 2:33 p.m.
  • Length: 11:12
Show
View Real Time Build Order
Export as new Build Order

luckynoslevn Terran - Winner!

Build Orders: Gas First Reaper Expand 

Get SALT Encoding   

  12  0:01  SCV  
  13  0:13  SCV  
  14  0:17  Supply Depot  
  14  0:25  SCV  
  15  0:29  Refinery  
  15  0:41  Barracks  
  15  0:47  SCV  
  16  1:03  SCV  
  17  1:15  SCV  
  18  1:27  SCV  
  19  1:36  Reaper  
  19  1:39  Orbital Command  
  20  1:52  Command Center  
  20  2:09  Barracks Reactor  
  20  2:11  SCV  
  20  2:12  Factory  
  21  2:23  SCV  
  22  2:30  Supply Depot  
  22  2:35  SCV  
  23  2:43  Refinery  
  23  2:52  SCV  
  23  2:53  Marine x2  
  23  2:56  Supply Depot  
  26  3:04  SCV  
  27  3:05  Factory Tech Lab  
  27  3:08  Starport  
  27  3:09  Orbital Command  
  27  3:15  Marine  
  27  3:16  SCV, Marine  
  30  3:28  SCV  
  31  3:39  Marine x2  
  31  3:40  SCV, Siege Tank  
  37  3:43  Supply Depot  
  37  3:48  SCV  
  38  3:56  Marine  
  38  3:57  Marine  
  39  4:12  Siege Tank  
  39  4:14  Marine  
  43  4:17  SCV x2  
  43  4:20  Refinery  
  45  4:24  Refinery  
  45  4:29  SCV  
  45  4:31  Marine  
  47  4:32  Marine, Command Center  
  47  4:33  SCV  
  49  4:40  Supply Depot  
  49  4:41  SCV  
  49  4:44  Siege Tank  
  53  4:46  Starport Tech Lab  
  53  4:48  Marine, Starport Reactor  
  53  4:50  Marine  
  55  4:55  Supply Depot  
  55  4:56  SCV  
  55  4:57  SCV  
  57  5:08  SCV  
  57  5:09  Supply Depot  
  57  5:10  SCV  
  57  5:11  Marine x2  
  61  5:23  Supply Depot  
  61  5:25  Medivac  
  61  5:26  Medivac  
  65  5:28  SCV  
  65  5:29  SCV  
  65  5:32  Supply Depot  
  67  5:40  SCV  
  68  5:44  Siege Tank  
  68  5:46  Orbital Command  
  71  5:50  Marine x2  
  71  5:52  SCV  
  71  5:53  SCV  
  71  5:55  Supply Depot  
  75  6:05  Engineering Bay  
  75  6:06  Engineering Bay  
  75  6:08  SCV x2, Marine  
  78  6:14  Marine  
  78  6:16  Siege Tank  
  78  6:17  Medivac x2  
  86  6:18  Supply Depot  
  86  6:21  Supply Depot  
  86  6:22  SCV x2  
  86  6:23  SCV  
  89  6:30  Marine  
  89  6:32  Marine  
  91  6:34  SCV  
  91  6:37  SCV x2  
  94  6:45  Supply Depot  
  94  6:46  SCV  
  95  6:48  Siege Tank, Marine  
  95  6:49  SCV, Supply Depot  
  101  6:56  Orbital Command  
  100  7:03  Marine  
  100  7:05  Medivac x2  
  100  7:06  Marine  
  106  7:09  Terran Infantry Weapons Level 1  
  106  7:15  Supply Depot  
  106  7:17  Barracks  
  106  7:18  Barracks  
  106  7:20  Siege Tank  
  109  7:26  Terran Infantry Armor Level 1  
  109  7:27  SCV x2  
  109  7:28  SCV  
  112  7:36  Barracks  
  112  7:37  Barracks  
  112  7:38  Barracks  
  112  7:39  SCV, Marine x2  
  112  7:40  SCV x2  
  112  7:42  Medivac  
  119  7:48  Supply Depot  
  119  7:51  SCV  
  119  7:52  SCV x2, Siege Tank  
  119  7:55  Refinery  
  119  7:56  Refinery  
  125  8:00  Armory  
  125  8:01  Supply Depot  
  125  8:04  SCV x2  
  127  8:09  Barracks Tech Lab  
  127  8:10  Barracks Tech Lab  
  127  8:12  Marine x2, Supply Depot  
  129  8:13  SCV  
  129  8:16  SCV x2  
  129  8:19  Medivac x2  
  136  8:25  SCV  
  137  8:27  Barracks Reactor  
  137  8:28  SCV  
  137  8:29  Marine, Barracks Reactor  
  137  8:30  Barracks Reactor, Stimpack, Combat Shield  
  137  8:32  SCV  
  137  8:34  Supply Depot  
  140  8:37  SCV  
  140  8:40  SCV  
  142  8:49  Marine x2  
  142  8:51  Viking x2  
  148  8:56  Supply Depot x2  
  148  9:02  Thor  
  154  9:09  Marine x4  
  157  9:10  Marine x5  
  157  9:11  Marine  
  164  9:26  Supply Depot  
  164  9:27  Marine x5  
  164  9:28  Marine x2  
  164  9:29  Supply Depot  
  171  9:31  Marine x2  
  171  9:32  Marine  
  171  9:35  Viking x2  
  178  9:45  Marine x6  
  181  9:46  Marine  
  185  9:58  Marine x3  
  185  9:59  Thor  
  188  10:02  Marine  
  188  10:03  Marine  
  196  10:07  Command Center  
  196  10:10  Supply Depot  
  196  10:12  Supply Depot  
  196  10:14  Supply Depot  
  195  10:21  Marine x2  
  195  10:22  Marine x3  
  195  10:27  Supply Depot  
  200  11:07  Command Center  
Show
View Real Time Build Order
Export as new Build Order

A.I. 2 (Very Easy) Terran 

Build Orders:  

Get SALT Encoding   

  12  0:00  SCV  
  13  0:13  SCV  
  14  0:18  Supply Depot  
  14  0:37  Refinery  
  14  0:40  Barracks  
  14  1:03  Supply Depot  
  14  1:12  Refinery  
  14  1:28  SCV  
  14  1:29  Marine  
  16  1:40  SCV  
  17  1:52  SCV  
  18  2:03  Marine  
  18  2:05  SCV  
  20  2:17  SCV  
  21  2:29  SCV  
  22  2:36  Marine  
  23  2:42  Orbital Command  
  23  5:52  SCV, Marine  
  23  5:54  Supply Depot  
  23  5:55  Factory  
  25  6:15  SCV  
  26  6:19  Supply Depot  
  26  6:24  Barracks Tech Lab  
  26  6:27  SCV  
  25  6:40  SCV, Starport  
  25  6:42  Marine  
  26  6:52  SCV  
  26  6:54  Command Center  
  27  7:14  Marine  
  28  7:17  Starport Tech Lab  
  28  7:35  Raven  
  30  7:47  Marauder  
  32  8:07  SCV  
  33  8:14  SCV, Refinery  
  33  8:15  Refinery  
  33  8:18  Marine, Raven  
  37  8:21  SCV  
  38  8:28  SCV  
  39  8:35  SCV  
  40  8:43  SCV  
  41  8:50  SCV  
  42  8:57  SCV  
  43  9:04  SCV  
  44  9:11  SCV  
  45  9:18  SCV  
  46  9:26  SCV  
  47  9:33  SCV  
  48  9:40  SCV  
  49  9:47  SCV  
  50  10:15  Marine  
  50  10:18  Raven  
  45  10:38  SCV  
  22  10:44  Hellion  
  19  10:50  SCV  
  13  10:59  Supply Depot  
Tags
 
Add a new tag
Caveats
  • Supply blocks, unpowered buildings, or Contaminate may cause inaccurate times.
  • Supply counts are checked every 10 seconds.